 Dungeon Crawl Stone Soup version 0.19.1 (console) character file.

9709 Morrissey the Bludgeoner (level 11, -2/93 HPs)
             Began as a Troll Hunter on Dec 23, 2016.
             Slain by Snorg (4 damage)
             ... on level 10 of the Dungeon.
             The game lasted 00:21:54 (8571 turns).

Morrissey the Bludgeoner (Troll Hunter)             Turns: 8571, Time: 00:21:54

Health: -2/93      AC: 16    Str: 24    XL:     11   Next: 26%
Magic:  10/10      EV: 10    Int:  7    God:
Gold:   577        SH:  0    Dex: 13    Spells: 0 memorised, 10 levels left

rFire  . . .     SeeInvis +     a - +5 flail (protect)
rCold  . . .     Gourm    +     o - +2 robe {rN+}
rNeg   + . .     Faith    .     (no shield)
rPois  .         Spirit   .     (helmet restricted)
rElec  .         Reflect  .     (no cloak)
rCorr  .         Harm     .     (gloves unavailable)
MR     .....                    (boots unavailable)
Stlth  +.........               (no amulet)
                                h - ring of see invisible
                                g - +3 ring of protection

@: protection aura
A: unfitting armour, claws 3, fangs 1, agile 1, deformed body, fast metabolism
3, gourmand, regeneration 1, shaggy fur 1, tough skin 2
a: no special abilities


You were on level 10 of the Dungeon.
You were full.

You visited 1 branch of the dungeon, and saw 10 of its levels.

You collected 591 gold pieces.
You spent 14 gold pieces at shops.

Inventory:

Hand Weapons
 a - a +5 flail of protection (weapon)
 b - a +0 whip of venom
 E - a +0 giant spiked club
 I - a +4 club
 V - a +0 giant club
Missiles
 c - 5 large rocks
 d - 2 throwing nets
 e - 361 stones (quivered)
 F - 5 javelins
 Q - 2 tomahawks
Armour
 k - a +0 robe
 o - a +2 robe of positive energy (worn)
Jewellery
 g - a +3 ring of protection (left claw)
 h - a ring of see invisible (right claw)
 p - an uncursed amulet of faith
 s - a +3 ring of intelligence
 A - an uncursed ring of resist corrosion
 G - an uncursed ring of magical power
 Y - a +3 ring of dexterity
Wands
 q - a wand of acid (13/15)
 M - a wand of paralysis (9/24)
 P - a wand of iceblast (7/15)
 R - a wand of random effects (12/48)
 T - a wand of iceblast (6/15)
 Z - a wand of acid (11/15)
Scrolls
 j - 4 scrolls of enchant armour
 m - 9 scrolls of teleportation
 r - a scroll of recharging
 v - 2 scrolls of amnesia {unknown}
 y - 2 scrolls of magic mapping {unknown}
 B - 3 scrolls of noise {unknown}
 H - a scroll of fear
 L - a scroll of fog {unknown}
 N - a scroll of identify
Potions
 n - 2 potions of ambrosia
 u - 3 potions of haste
 x - a potion of might
 z - 2 potions of mutation
 C - a potion of cure mutation {unknown}
 D - a potion of lignification {unknown}
 S - a potion of experience {unknown}
 U - a potion of curing
Books
 w - a book of Clouds

   Spells                             Type                      Level
   a - Mephitic Cloud                 Conjuration/Poison/Air       3
   b - Conjure Flame                  Conjuration/Fire             3
   c - Poisonous Cloud                Conjuration/Poison/Air       6
   d - Freezing Cloud                 Conjuration/Ice/Air          6
   e - Ring of Flames                 Charms/Fire                  7
 K - a book of Callings

   Spells                             Type                      Level
   a - Summon Small Mammal            Summoning                    1
   b - Call Imp                       Summoning                    2
   c - Call Canine Familiar           Summoning                    3
   d - Summon Guardian Golem          Hexes/Summoning              3
   e - Summon Lightning Spire         Summoning/Air                4
   f - Summon Ice Beast               Ice/Summoning                4
 X - a book of Enchantments

   Spells                             Type                      Level
   a - Cause Fear                     Hexes                        4
   b - Yara's Violent Unravelling     Hexes/Transmutation          5
   c - Silence                        Hexes/Air                    5
   d - Deflect Missiles               Charms/Air                   6
   e - Discord                        Hexes                        8
Comestibles
 f - 9 bread rations
 i - 6 meat rations
 l - 10 royal jellies
 t - 6 fruits
 J - a slice of pizza
 O - a beef jerky


   Skills:
 - Level 1.7 Fighting
 * Level 15.2 Maces & Flails
 - Level 4.1 Throwing
 - Level 1.5 Dodging
 - Level 0.5 Stealth


You had 10 spell levels left.
You didn't know any spells.

Dungeon Overview and Level Annotations

Branches:
Dungeon (10/15)            Temple (0/1) D:7            Lair (0/6) D:8
    Orc: D:9-12

Altars:
Ashenzari
Cheibriados
Dithmenos
Gozag
Kikubaaqudgha
Makhleb
Nemelex Xobeh
Okawaru
Qazlal
Sif Muna
Uskayaw
Xom
The Shining One

Shops:
D:10 *

Annotations:
D:10 Snorg


Innate Abilities, Weirdness & Mutations

You are too large for most types of armour.
You have claws for hands.
Your metabolism is lightning-fast.
You like to eat raw meat.
Your natural rate of healing is unusually fast.
You are covered in fur. (AC +1)
You have very tough skin. (AC +2)
You have very sharp teeth.
You are agile. (Dex +2)
Armour fits poorly on your strangely shaped body.


Message History

Snorg bites you. Snorg claws you!! Snorg barely misses you.
You hit Snorg.
Snorg is severely wounded.
Snorg bites you!!
* * * LOW HITPOINT WARNING * * *
Snorg claws you but does no damage. Snorg barely misses you.
You bludgeon Snorg!!
Snorg is almost dead.
Snorg bites you but does no damage. Snorg closely misses you. Snorg claws you!
* * * LOW HITPOINT WARNING * * *
You completely miss Snorg. You bite Snorg.
Snorg is almost dead.
Snorg closely misses you. Snorg barely misses you. Snorg claws you!
* * * LOW HITPOINT WARNING * * *
You sock Snorg! You bite Snorg.
Snorg is almost dead.
Snorg bites you.
* * * LOW HITPOINT WARNING * * *
Snorg claws you.
You die...

#..∩.#.....#........#
#....#.....#........#
#....#.....#........#
#....#.....#........#
########'###........#
............########
............#
............#
........@...#
........T...#
.........(.>#
............#
...........#
...........#
#######..... #......


You could see Snorg (berserk).

Vanquished Creatures
  2 wolf spider zombies (D:8)
  An elephant (D:8)
  2 hellwings (D:8)
  A hippogriff (D:7)
  3 hornets
  2 meliai zombies (D:8)
  4 yaks (D:9)
  2 wyverns
  Eustachio (D:6)
  Menkaure (D:4)
  2 hungry ghosts
  A soldier ant (D:8)
  Edmund (D:6)
  A water moccasin (D:9)
  3 orc warriors
  2 sky beasts
  Duvessa (D:4)
  2 ice beasts (D:8)
  A black bear (D:8)
  5 ogres
  3 phantoms
  2 centaurs
  2 crocodiles (D:8)
  A big kobold (D:9)
  8 bullfrogs
  Dowan (D:4)
  A howler monkey (D:5)
  6 crimson imps
  6 hounds
  3 centaur zombies
  7 orc priests
  2 jellies
  A bullfrog skeleton (D:9)
  13 orc wizards
  4 centaur skeletons
  Jessica (D:2)
  4 iguanas
  Natasha (thrice) (D:4)
  10 worker ants
  Robin (D:4)
  A worker ant zombie (D:8)
  4 gnolls
  14 adders
  6 shadow imps
  2 adder skeletons
  5 worms
  2 dart slugs
  10 leopard geckos
  26 orcs
  9 bats
  5 giant cockroaches
  18 goblins
  9 hobgoblins
  10 jackals
  7 quokkas
  7 frilled lizards
  A jackal skeleton (D:7)
  9 kobolds
  A leopard gecko skeleton (D:7)
  6 rats
269 creatures vanquished.

Vanquished Creatures (others)
  An orc warrior (D:6)
  2 orcs (D:6)
  2 plants (D:8)
5 creatures vanquished.

Grand Total: 274 creatures vanquished

Notes
Turn   | Place    | Note
-------+----------+-------------------------------------------
     0 | D:1      | Morrissey the Troll Hunter began the quest for the Orb.
     0 | D:1      | Reached XP level 1. HP: 19/19 MP: 0/0
   153 | D:1      | Reached XP level 2. HP: 27/28 MP: 1/1
   199 | D:1      | Reached skill level 1 in Maces & Flails
   703 | D:2      | Noticed Jessica
   739 | D:2      | Killed Jessica
   739 | D:2      | Reached skill level 2 in Maces & Flails
   739 | D:2      | Reached XP level 3. HP: 33/35 MP: 2/2
   892 | D:2      | Reached XP level 4. HP: 41/42 MP: 3/3
  1070 | D:3      | Reached skill level 3 in Maces & Flails
  1249 | D:2      | Found a deep blue altar of Sif Muna.
  1324 | D:3      | Gained mutation: You are agile. (Dex +2) [potion of mutation]
  1324 | D:3      | Gained mutation: You have very sharp teeth. [potion of mutation]
  1324 | D:3      | Gained mutation: Armour fits poorly on your strangely shaped body. [potion of mutation]
  1336 | D:3      | Reached XP level 5. HP: 35/49 MP: 4/4
  1351 | D:3      | Reached skill level 4 in Maces & Flails
  1415 | D:3      | Found a snail-covered altar of Cheibriados.
  1610 | D:3      | Found a glowing golden altar of the Shining One.
  1610 | D:3      | Found a shadowy altar of Dithmenos.
  1956 | D:3      | Reached skill level 5 in Maces & Flails
  1956 | D:3      | Reached XP level 6. HP: 54/57 MP: 5/5
  2427 | D:4      | Noticed Natasha
  2435 | D:4      | Killed Natasha
  2500 | D:4      | Reached skill level 6 in Maces & Flails
  2646 | D:4      | Reached XP level 7. HP: 60/63 MP: 6/6
  2663 | D:4      | Noticed Menkaure
  2685 | D:4      | Killed Menkaure
  2740 | D:4      | Noticed Natasha
  2744 | D:4      | Killed Natasha
  2900 | D:4      | Reached skill level 7 in Maces & Flails
  3025 | D:4      | Noticed Duvessa
  3079 | D:4      | Killed Duvessa
  3080 | D:4      | Noticed Dowan
  3090 | D:4      | Killed Dowan
  3090 | D:4      | Reached skill level 8 in Maces & Flails
  3090 | D:4      | Reached XP level 8. HP: 71/71 MP: 7/7
  3148 | D:4      | Found a hide-covered altar of Uskayaw.
  3370 | D:4      | Noticed Natasha
  3375 | D:4      | Noticed Robin
  3378 | D:4      | Killed Natasha
  3401 | D:4      | Killed Robin
  3725 | D:5      | Entered Level 5 of the Dungeon
  3730 | D:5      | Found a stormy altar of Qazlal.
  3871 | D:5      | Found a shimmering altar of Xom.
  3980 | D:5      | Reached skill level 9 in Maces & Flails
  4159 | D:5      | Found a faded altar of an unknown god.
  4159 | D:5      | Found a burning altar of Makhleb.
  4164 | D:5      | Found an ancient bone altar of Kikubaaqudgha.
  4166 | D:5      | Found a faded altar of an unknown god.
  4167 | D:5      | Found an opulent altar of Gozag.
  4384 | D:6      | Noticed Eustachio
  4408 | D:6      | Killed Eustachio
  4408 | D:6      | Reached skill level 10 in Maces & Flails
  4447 | D:6      | Noticed Edmund
  4491 | D:6      | Killed Edmund
  4578 | D:6      | Reached XP level 9. HP: 76/79 MP: 8/8
  4827 | D:6      | Reached skill level 11 in Maces & Flails
  4896 | D:6      | Found a sparkling altar of Nemelex Xobeh.
  5218 | D:8      | Reached skill level 12 in Maces & Flails
  5374 | D:7      | Found an iron altar of Okawaru.
  5453 | D:7      | Found a shadowy altar of Dithmenos.
  5541 | D:7      | Found a staircase to the Ecumenical Temple.
  5746 | D:7      | Found a shattered altar of Ashenzari.
  5951 | D:7      | Reached XP level 10. HP: 87/87 MP: 9/9
  6178 | D:8      | Got an ancient mace
  6179 | D:8      | Identified the cursed +1 mace of World's End {drain, Str-3 Int+7} (You found it on level 8 of the Dungeon)
  6192 | D:8      | Reached skill level 13 in Maces & Flails
  6289 | D:8      | Noticed an elephant
  6310 | D:8      | Killed an elephant
  6455 | D:8      | Paralysed by a hornet for 1 turns
  6459 | D:8      | Paralysed by a hornet for 2 turns
  6510 | D:8      | HP: 4/87 [wolf spider zombie (6)]
  6511 | D:8      | HP: 1/87 [wolf spider zombie (9)]
  6515 | D:8      | Reached skill level 14 in Maces & Flails
  6693 | D:8      | Paralysed by a hornet for 3 turns
  6959 | D:8      | Found a staircase to the Lair.
  7048 | D:8      | Reached XP level 11. HP: 55/93 MP: 10/10
  7057 | D:8      | Noticed a death yak
  8035 | D:9      | Reached skill level 15 in Maces & Flails
  8468 | D:10     | Entered Level 10 of the Dungeon
  8492 | D:10     | Found Raxacsar's General Store.
  8537 | D:10     | Bought a potion of degeneration for 14 gold pieces
  8552 | D:10     | Noticed Snorg
  8570 | D:10     | HP: 4/93 [Snorg (14)]
  8571 | D:10     | Slain by Snorg

Skill      XL: |  1  2  3  4  5  6  7  8  9 10 11 |
---------------+----------------------------------+-----
Maces & Flails | 2 3 5 6 8 10 12 14 15 | 15.2
Throwing       | 4 |  4.1
Fighting       | |  1.7
Dodging        | |  1.5
Stealth        | |  0.5

Action                   |  1- 3 |  4- 6 |  7- 9 | 10-12 || total
-------------------------+-------+-------+-------+-------++-------
Melee: Unarmed           |    13 |       |       |       ||    13
       Mace              |    52 |       |       |       ||    52
       Club              |    39 |   132 |    37 |       ||   208
       Bite              |       |    26 |    77 |    50 ||   153
       Whip              |       |   118 |   310 |       ||   428
       Flail             |       |       |   186 |   395 ||   581
Throw: Stone             |       |    11 |     1 |     2 ||    14
  Use: Potion            |       |     3 |       |     5 ||     8
       Scroll            |       |     9 |     1 |     2 ||    12
 Stab: Sleeping          |     2 |     2 |     1 |     1 ||     6
       Distracted        |       |       |       |     1 ||     1
  Eat: Chunk             |    11 |    20 |    30 |    33 ||    94
Armor: Robe              |    35 |   124 |   197 |   240 ||   596
Dodge: Dodged            |    46 |   183 |   201 |   216 ||   646
